 Dungeon Crawl Stone Soup version 0.27.1-33-g824d729ab1 (webtiles) character file.

Game seed: 5290095629367865345

27 bearlyready the Grave Robber (level 2, -10/19 HPs)
             Began as a Demonspawn Necromancer on Nov 24, 2021.
             Mangled by an ogre (28 damage)
             ... on level 1 of the Dungeon.
             The game lasted 00:02:24 (1967 turns).

bearlyready the Grave Robber (DsNe)                 Turns: 1967, Time: 00:02:24

Health: -10/19     AC:  5    Str:  8    XL:     2   Next: 93%
Magic:  5/5        EV: 10    Int: 16    God:
Gold:   69         SH:  0    Dex: 13    Spells: 4/5 levels left

rFire    . . .     SeeInvis .   b - +0 dagger
rCold    . . .     Faith    .   (no shield)
rNeg     . . .     Spirit   .   g - +0 ring mail
rPois    .         Reflect  .   (no helmet)
rElec    .         Harm     .   (no cloak)
rCorr    .         Rampage  .   (no gloves)
Will     .....                  (no boots)
Stlth    +.........             (no amulet)
HPRegen  0.06/turn              (no ring)
MPRegen  0.09/turn              (no ring)

@: no status effects
A: demonic magic 1
a: no special abilities


You were on level 1 of the Dungeon.
You visited 1 branch of the dungeon, and saw 2 of its levels.

You collected 69 gold pieces.

Inventory:

Hand Weapons
 b - a +0 dagger (weapon)
Armour
 a - a +0 robe
 g - a +0 ring mail (worn)
Scrolls
 e - a scroll of immolation {unknown}
 f - a scroll of fear {unknown}
Potions
 c - a potion of attraction {unknown}
 d - 2 potions of berserk rage {unknown}


   Skills:
 - Level 1.7 Dodging
 - Level 1.7 Stealth
 - Level 2.0 Spellcasting
 + Level 5.4 Necromancy


You had 4 spell levels left.
You knew the following spells:

 Your Spells              Type           Power      Damage    Failure   Level
a - Pain                  Necr           76%        1d7       7%          1

Your spell library contained the following spells:

 Spells                   Type           Power      Damage    Failure   Level
 Animate Skeleton         Necr           38%        N/A       7%          1
 Vampiric Draining        Necr           9%         2d7       21%         3
 Animate Dead             Necr           9%         N/A       56%         4
 Agony                    Necr           19%        N/A       88%         5


Dungeon Overview and Level Annotations

Branches:
Dungeon (2/15)

Altars:


Innate Abilities, Weirdness & Mutations

Spells you cast may paralyse adjacent enemies.


Message History

Casting: Pain (safe; 7% risk of failure)
Confirm with . or Enter, or press ? or * to list all spells.
Aiming: Pain (safe; 7% risk of failure)
Press: ? - help, Shift-Dir - straight line, f - bat
Aim: a bat (chance to affect: 89%)
The bat writhes in agony.
You kill the bat!
Malevolent energies surge around you.
You start resting.
Magic restored.
You start resting.
HP restored.
You climb downwards.
There is a stone staircase leading up here.
No target in view!
Found 10 gold pieces.
No target in view!
Found 28 bolts.
No target in view!
No target in view!
No target in view!
An ogre comes into view. It is wielding a +0 giant spiked club.
Found 16 gold pieces.
The ogre shouts!
An ogre is nearby!
An ogre is nearby!
The ogre barely misses you.
You see here 10 gold pieces.
The dart slug launches a dart at you. The slug dart misses you.
There is a stone staircase leading up here.
The ogre closely misses you. The dart slug launches a dart at you.
The slug dart hits you.
You climb upwards.
There is a stone staircase leading down here.
The dart slug bites you but does no damage.
The ogre hits you with a +0 giant spiked club!!
Ouch! That really hurt!
You die...

# #.# #..# ##...######.#.#'#
###.######..# #...# #.#....
........##..# #...# #.#....
###.###.##..######...# ###.#....
###.###..............####.#.#..^.
............##.....†.............
###.##....................#.###+#
#................O...............
#.#.##.#.#####.#@w...............
#.#.##.#..........#######........
#.#.##.#.#.###.#.## #...#....
#.#.##.#.#.# #.#.# #...#..##
#.#.##.#.#.#####.########...#..#.
#.#.........................#..#.
#.####.#.#.#####.######.#.#.#..#.
#.# #.#.#.# #........#.#.#..#.
#.# #.#.#.# #..........#.#..#.


You could see an ogre and a dart slug.

Vanquished Creatures
  2 dart slugs (D:1)
  4 bats
  2 goblins
  2 hobgoblins (D:1)
  3 jackals (D:1)
  A kobold (D:1)
  A quokka (D:1)
  A ball python (D:2)
  3 frilled lizards
  3 rats (D:1)
22 creatures vanquished.

Notes
Turn   | Place    | Note
-------+----------+-------------------------------------------
     0 | D:1      | bearlyready the Demonspawn Necromancer began the quest for
                  | the Orb.
     0 | D:1      | Reached XP level 1. HP: 13/13 MP: 3/3
   199 | D:1      | Gained mutation: Spells you cast may paralyse adjacent
                  | enemies. [demonic ancestry]
   199 | D:1      | Reached XP level 2. HP: 13/19 MP: 1/5
   318 | D:1      | Reached skill level 5 in Necromancy
   778 | D:1      | Found a faded altar of an unknown god.
  1954 | D:2      | Noticed an ogre
  1967 | D:1      | Mangled by an ogre

Illustrated notes

Levels and vault maps discovered:
D:1:      lemuel_arrival_funnel, layout_basic,
          hellmonk_ecumenical_altar_crossroads, chequers_serial_rivers_small_b
D:2:      cheibrodos_pilgrimage, layout_loops_ring, serial_shops, shop_statue

Skill      XL: |  1  2 |
---------------+-------+-----
Necromancy     | 5 |  5.4
Dodging        | |  1.7
Stealth        | |  1.7
Spellcasting   | |  2.0

Action                   || total
-------------------------++-------
Melee: Dagger            ||    75
       Unarmed           ||     4
 Cast: Pain              ||    13
 Stab: Sleeping          ||     3
       Paralysed         ||     1
Armor: Robe              ||    12
       Ring mail         ||    20
Dodge: Dodged            ||    69
